 Dungeon Crawl Stone Soup version 0.25-a0-253-g6f1b5d974a (webtiles) character file.

Game seed: 2441297041923536678, levelgen mode: deterministic

632 Lanoc the Tainter (level 7, 0/46 HPs)
             Began as a Formicid Venom Mage on Dec 5, 2019.
             Was an Initiate of Qazlal.
             Killed from afar by an orc wizard (15 damage)
             ... with a puff of flame
             ... on level 5 of the Dungeon.
             The game lasted 00:10:54 (4306 turns).

Lanoc the Tainter (Formicid Venom Mage)             Turns: 4306, Time: 00:10:54

Health: 0/46       AC: -6    Str: 12    XL:     7   Next: 78%
Magic:  7/10       EV: 18    Int: 17    God:    Qazlal [......]
Gold:   153        SH:  0    Dex: 11    Spells: 2/10 levels left

rFire    . . .     SeeInvis +   p - +0 hand axe (curse)
rCold    . . .     Gourm    .   (no shield)
rNeg     . . .     Faith    .   a - +0 robe
rPois    .         Spirit   .   (helmet unavailable)
rElec    .         Reflect  .   (no cloak)
rCorr    .         Harm     .   (no gloves)
MR       .....                  (no boots)
Stlth    ++........             (no amulet)
HPRegen  0.15/turn              q - +5 ring of evasion
MPRegen  0.12/turn              (no ring)

@: corroded
A: permanent stasis, dig shafts and tunnels, four strong arms, antennae 3
a: Dig, Shaft Self, Renounce Religion


You were on level 5 of the Dungeon.
You worshipped Qazlal.
Qazlal was noncommittal.
You were hungry.

You visited 2 branches of the dungeon, and saw 6 of its levels.

You collected 153 gold pieces.

Inventory:

Hand Weapons
 p - a cursed +0 hand axe (weapon)
 t - a +2 dagger of draining
Missiles
 n - 31 sling bullets
 o - 5 curare-tipped darts (quivered)
Armour
 a - a +0 robe (worn)
Jewellery
 q - a +5 ring of evasion (left hand)
Scrolls
 b - a scroll of enchant weapon {unknown}
 e - 4 scrolls of identify {unknown}
 i - a scroll of fog {unknown}
 j - a scroll of amnesia {unknown}
 k - 2 scrolls of teleportation {unknown}
 s - a scroll of random uselessness {unknown}
 u - a scroll of remove curse {unknown}
 v - a scroll of fear {unknown}
 w - a scroll of blinking {unknown}
Potions
 d - a potion of cancellation {unknown}
 f - a potion of berserk rage {unknown}
 g - a potion of invisibility {unknown}
 h - a potion of flight {unknown}
 l - a potion of might {unknown}
 m - a potion of agility {unknown}
 r - a potion of resistance {unknown}
 x - a potion of curing
Comestibles
 c - 4 rations


   Skills:
 + Level 3.9 Dodging
 - Level 2.4 Stealth
 - Level 2.1 Spellcasting
 + Level 4.2 Transmutations
 * Level 8.3 Poison Magic


You had 2 spell levels left.
You knew the following spells:

 Your Spells              Type           Power        Failure   Level  Hunger
a - Sting                 Tmut/Pois      ###.         1%          1    #......
b - Ignite Poison         Fire/Tmut/Pois ###.....     10%         3    ###....
c - Olgreb's Toxic Radia  Pois           ####....     6%          4    #####..

Your spell library contained the following spells:

 Spells                   Type           Power        Failure   Level  Hunger
 Poisonous Vapours        Pois/Air       ###...       5%          2    ###....
 Mephitic Cloud           Conj/Pois/Air  ##......     19%         3    ###....


Dungeon Overview and Level Annotations

Branches:
Dungeon (5/15)             Temple (1/1) D:4

Altars:
Ashenzari
Cheibriados
Dithmenos
Elyvilon
Gozag
Hepliaklqana
Kikubaaqudgha
Makhleb
Nemelex Xobeh
Okawaru
Qazlal
Ru
Sif Muna
Trog
Uskayaw
Vehumet
Wu Jian
Xom
Yredelemnul
Zin
The Shining One


Innate Abilities, Weirdness & Mutations

You cannot be hasted, slowed, berserked, paralysed or teleported.
You can dig through walls and to a lower floor.
Your four strong arms can wield two-handed weapons with a shield.
You have a pair of large antennae on your head. (SInv)


Message History

You hit the jelly.
Your hands burn!
The jelly is almost dead.
The orc wizard mumbles some strange words.
The orc wizard flickers and vanishes for a moment.
The jelly barely misses you.
The orc wizard casts a spell.
The orc wizard seems to speed up.
You hear a shout!
You hit the jelly.
Your hands burn!
The jelly is almost dead.
The orc wizard looks more healthy.
The jelly closely misses you. x2
You hit the jelly.
Your hands burn!
The jelly is almost dead.
The jelly closely misses you.
You hit the jelly but do no damage. The acid corrodes you!
Your hands burn!
The jelly is almost dead.
You hit the orc wizard but do no damage.
The orc wizard points at you and mumbles some strange words.
The puff of flame hits you!
You die...

###........#.#
...........#.## ...
.............#....#
#...........#..#.#
#........#.#..#.#
###...............#
#....o..........#
#..J@.........#####
##.##..#..........##
..$...##...#...##...
#......###.....>......
####.{. ##.##........
#.{#.###...........
#...#......#........
#(#. ##....<........
....####........


You could see a jelly and an orc wizard (invisible).

Vanquished Creatures
  2 scorpions
  A howler monkey (D:4)
  2 hounds (D:4)
  2 orc priests (D:3)
  2 centaur skeletons (D:4)
  2 orc wizards
  2 worker ants (D:4)
  2 hound skeletons (D:4)
  A howler monkey skeleton (D:4)
  8 adders
  An ooze (D:2)
  3 worms (D:2)
  3 dart slugs
  4 leopard geckos
  9 orcs (D:3)
  9 bats
  5 giant cockroaches
  7 hobgoblins
  9 jackals
  A quokka (D:4)
  2 ball pythons (D:1)
  3 frilled lizards
  4 goblins
  A jackal skeleton (D:4)
  6 kobolds
  5 rats
96 creatures vanquished.

Notes
Turn   | Place    | Note
-------+----------+-------------------------------------------
     0 | D:1      | Lanoc the Formicid Venom Mage began the quest for the Orb.
     0 | D:1      | Reached XP level 1. HP: 13/13 MP: 3/3
     2 | D:1      | Noticed a formicid
     2 | D:1      | Noticed a ghoul
     4 | D:1      | Noticed a demigod
     4 | D:1      | Noticed a gargoyle
     6 | D:1      | Noticed a halfling
    10 | D:1      | Noticed a human
    10 | D:1      | Noticed a tengu
    12 | D:1      | Noticed a vampire
    12 | D:1      | Noticed a dwarf
    14 | D:1      | Noticed a troll
    14 | D:1      | Noticed a centaur
    16 | D:1      | Noticed an elf
    16 | D:1      | Noticed a merfolk
    18 | D:1      | Noticed a minotaur
    20 | D:1      | Noticed a vine stalker
    20 | D:1      | Noticed an octopode
    22 | D:1      | Noticed a felid
    22 | D:1      | Noticed a spriggan
    24 | D:1      | Noticed a draconian
    26 | D:1      | Noticed an ogre
    28 | D:1      | Noticed a demonspawn
    28 | D:1      | Noticed a naga
   136 | D:1      | Reached XP level 2. HP: 19/19 MP: 1/5
   515 | D:1      | Reached XP level 3. HP: 24/24 MP: 1/6
   646 | D:1      | Reached skill level 5 in Poison Magic
   753 | D:2      | Learned a level 3 spell: Ignite Poison
   794 | D:2      | Reached XP level 4. HP: 19/30 MP: 4/7
  1469 | D:2      | Reached XP level 5. HP: 27/35 MP: 6/8
  1883 | D:3      | Reached skill level 6 in Poison Magic
  2393 | D:3      | Reached XP level 6. HP: 41/41 MP: 5/9
  2478 | D:3      | Reached skill level 7 in Poison Magic
  2813 | D:3      | Found a glowing silver altar of Zin.
  3040 | D:4      | Reached XP level 7. HP: 8/46 MP: 6/10
  3539 | D:4      | Reached skill level 8 in Poison Magic
  3547 | D:4      | Learned a level 4 spell: Olgreb's Toxic Radiance
  3880 | D:4      | Found a staircase to the Ecumenical Temple.
  3886 | Temple   | Entered the Ecumenical Temple
  3991 | Temple   | Became a worshipper of Qazlal Stormbringer
  4288 | D:5      | Entered Level 5 of the Dungeon
  4306 | D:5      | Killed from afar by an orc wizard

Levels and vault maps discovered:
D:1:      kb_arrival_jail, layout_basic, hangedman_decor_slide_cut,
          minmay_misc_feat_encased
D:2:      layout_rooms
D:3:      layout_rooms, zin_statuary
D:4:      minmay_diamond_boxcup, layout_loops_ring,
          minmay_temple_entry_enclosed_plants, first_ration
D:5:      layout_rooms
Temple:   regret_index_temple_chain_breaker

Skill      XL: |  1  2  3  4  5  6  7 |
---------------+----------------------+-----
Dodging        | 2 3 |  3.9
Poison Magic   | 5 6 7 8 |  8.3
Transmutations | 2 3 4 |  4.2
Stealth        | |  2.4
Spellcasting   | |  2.1

Action                   |  1- 3 |  4- 6 |  7- 9 || total
-------------------------+-------+-------+-------++-------
Melee: Unarmed           |    41 |    14 |       ||    55
       Hand axe          |       |    90 |    62 ||   152
 Cast: Sting             |    42 |    85 |    13 ||   140
       Olgreb's Toxic Ra |       |       |     4 ||     4
 Abil: Dig               |     1 |       |       ||     1
  Use: Potion            |       |     1 |       ||     1
 Stab: Sleeping          |       |     1 |       ||     1
  Eat: Chunk             |       |     9 |     4 ||    13
Armor: Robe              |    18 |    21 |     3 ||    42
Dodge: Dodged            |    47 |   127 |    63 ||   237

Table legend:
 A = Non-vault XP
 B = Vault XP
 C = Vault XP percentage of total XP
 D = Non-vault monster count
 E = Vault monster count
 F = Vault count percentage of total count
                 A         B        C        D         E       F
            +---------+---------+-------+---------+---------+-------
      Total |     731 |     172 |  19.0 |      90 |       6 |   6.2
            +---------+---------+-------+---------+---------+-------
        D:1 |      47 |       0 |   0.0 |      27 |       0 |   0.0
        D:2 |     103 |       0 |   0.0 |      21 |       0 |   0.0
        D:3 |     266 |       0 |   0.0 |      26 |       0 |   0.0
        D:4 |     315 |     172 |  35.3 |      16 |       6 |  27.3
            +---------+---------+-------+---------+---------+-------
